cohdb
Replays
Latest Replays
All Replays
Popular Replays
Top Player Replays
Match Explorer
How It Works
Community
CoH3 Stats
Reddit
Sign in to upload your games and track your stats! →
Sign in with Steam
Match 47157203
Unlisted
Match 47157203
Overview
Messages
Build Orders
End
Kettenkrad Recon Vehicle
Construct Infanterie Kompanie
MG 42 Machine Gun Team
Sniper
MG 42 Machine Gun Team
Grenadier Squad
Construct Luftwaffe Kompanie
Jäger Squad
Jäger Squad
Medical Station
Construct Panzer Kompanie
Pioneer Squad
Stoßtruppen Squad
Selects Mechanized Battlegroup
Selects Raid Package
Selects StuG Assault Group
Selects UNKNOWN (2160084)
Panther Heavy Tank
kHaNaTe
喝湯怪
Oncle-Hô
MERKAVA
0
0
Comments
sign in to comment!
No comments posted yet!